 Dungeon Crawl Stone Soup version 0.28.0-45-g0d030f2227 (webtiles) character file.

Game seed: 16751598071503088565

385 pkoi the Conjurer (level 6, 0/45 HPs)
             Began as a Demigod Conjurer on Apr 5, 2022.
             Slain by a bullfrog (4 damage)
             ... on level 5 of the Dungeon.
             The game lasted 00:05:37 (5863 turns).

pkoi the Conjurer (Demigod Conjurer)                Turns: 5863, Time: 00:05:38

Health: 0/45       AC:  4    Str:  8    XL:     6   Next: 23%
Magic:  14/14      EV: 16    Int: 28    God:
Gold:   266        SH:  0    Dex: 12    Spells: 1/12 levels left

rFire   . . .      SeeInvis .   k - +1 short sword
rCold   . . .      Faith    .   (no shield)
rNeg    . . .      Spirit   .   a - +1 robe
rPois   +          Reflect  .   (no helmet)
rElec   .          Harm     .   o - +0 cloak
rCorr   .          Rampage  .   (no gloves)
Will    .....                   (no boots)
Stlth   ++........              j - amulet of magic regeneration
HPRegen 0.15/turn               d - ring of poison resistance
MPRegen 0.54/turn               p - +4 ring of evasion

@: about to teleport
A: high MP 1, forlorn, divine attributes
a: no special abilities


You were on level 5 of the Dungeon.
You visited 1 branch of the dungeon, and saw 5 of its levels.

You collected 341 gold pieces.
You spent 75 gold pieces at shops.

Inventory:

Hand Weapons
 k - a +1 short sword (weapon)
Missiles
 e - 6 poisoned darts
Armour
 a - a +1 robe (worn)
 o - a +0 cloak (worn)
Jewellery
 c - a ring of positive energy
 d - a ring of poison resistance (left hand)
 f - a ring of wizardry
 j - an amulet of magic regeneration (around neck)
 p - a +4 ring of evasion (right hand)
Scrolls
 g - 2 scrolls of enchant armour
 h - 2 scrolls of identify
 n - a scroll of blinking
 u - a scroll of magic mapping {unknown}
Potions
 b - a potion of ambrosia {unknown}
 i - a potion of degeneration {unknown}
 l - a potion of mutation {unknown}
 m - a potion of attraction
 q - a potion of lignification
 s - 2 potions of curing {unknown}
 t - a potion of invisibility {unknown}


   Skills:
 - Level 1.7 Dodging
 - Level 1.7 Stealth
 * Level 3.6 Spellcasting
 * Level 6.1 Conjurations
 + Level 0.3 Hexes
 + Level 0.3 Translocations


You had one spell level left.
You knew the following spells:

 Your Spells              Type           Power      Damage    Failure   Level
a - Magic Dart            Conj           100%       1d8       1%          1
b - Searing Ray           Conj           78%        2d7       1%          2
c - Iskenderun's Mystic   Conj/Tloc      23%        2d6       21%         4
d - Fulminant Prism       Conj/Hex       11%        3d9       21%         4

Your spell library contained the following spells:

 Spells                   Type           Power      Damage    Failure   Level
 Dazzling Flash           Conj/Hex       46%        N/A       6%          3
 Ensorcelled Hibernation  Hex/Ice        12%        N/A       11%         2
 Passwall                 Tmut/Erth      4%         N/A       12%         2
 Swiftness                Air            5%         N/A       24%         3


Dungeon Overview and Level Annotations

Branches:
Dungeon (5/15)
 Temple: D:4-7

Shops:
D:2 ?   D:5 (

Annotations:
D:4 2 runed translucent doors, Crazy Yiuf; Dowan; Duvessa; terff's ghost, amateur HuCj


Innate Abilities, Weirdness & Mutations

You have an increased reservoir of magic. (+10% MP)
You shall have no god before yourself.
Your divine heritage dramatically boosts your attributes as you level up.


Message History

* * * LOW HITPOINT WARNING * * *
The arrow freezes you.
* * * LOW HITPOINT WARNING * * *
The centaur shoots an arrow.
The arrow hits you.
* * * LOW HITPOINT WARNING * * *
The arrow freezes you.
* * * LOW HITPOINT WARNING * * *
Casting: Magic Dart (safe; 1% risk of failure)
Confirm with . or Enter, or press ? or * to list all spells.
Aiming: Searing Ray (safe; 1% risk of failure)
Press: ? - help, Shift-Dir - straight line, f - centaur
Aim: a centaur, wielding a +2 shortbow of freezing and quivering arrows (88% to hit)
The searing ray hits the centaur.
The centaur is lightly wounded. (Press . to maintain the ray.)
The centaur shoots an arrow.
The arrow hits you!
* * * LOW HITPOINT WARNING * * *
The arrow freezes you.
* * * LOW HITPOINT WARNING * * *
The searing ray hits the centaur!
The centaur is heavily wounded.
The centaur shoots an arrow.
The arrow barely misses you.
The centaur shoots an arrow.
The arrow hits you.
* * * LOW HITPOINT WARNING * * *
The arrow freezes you.
* * * LOW HITPOINT WARNING * * *
You feel much better.
The centaur shoots an arrow.
The arrow hits you!
* * * LOW HITPOINT WARNING * * *
The arrow freezes you.
* * * LOW HITPOINT WARNING * * *
Unknown command.
The centaur shoots an arrow.
The arrow hits you!
* * * LOW HITPOINT WARNING * * *
The arrow freezes you.
* * * LOW HITPOINT WARNING * * *
As you read the scroll of teleportation, it crumbles to dust.
You feel strangely unstable.
A sky beast comes into view.
The bullfrog hits you.
You die...

..... .........
#Y..#8..8#........
###).##....##.......
#..l##c...(.##......
#...# #$l$$# #.#####
#...##########......
###c#⌠......⌠#.#....
#F#.._.._..#...###
#@'⌠......⌠'†#####
#.#........#......
#.##########..####
#.. ..........# ###
####......# ########


You could see a sky beast, a bullfrog, a centaur and an iguana.

Vanquished Creatures
  A bullfrog zombie (D:5)
  An iguana (D:4)
  A bullfrog skeleton (D:5)
  An orc wizard (D:4)
  Natasha (thrice) (D:4)
  2 hound zombies (D:5)
  2 gnolls (D:5)
  6 adders
  An adder skeleton (D:4)
  11 orcs
  5 endoplasms
  2 giant cockroaches (D:1)
  6 goblins
  8 hobgoblins
  4 quokkas
  7 ball pythons
  4 bats
  2 frilled lizards
  A kobold (D:2)
  5 rats
73 creatures vanquished.

Vanquished Creatures (collateral kills)
  2 gnolls (D:5)
  An orc (D:5)
3 creatures vanquished.

Vanquished Creatures (others)
  A plant (D:5)
1 creature vanquished.

Grand Total: 77 creatures vanquished

Notes
Turn   | Place    | Note
-------+----------+-------------------------------------------
     0 | D:1      | pkoi the Demigod Conjurer began the quest for the Orb.
     0 | D:1      | Reached XP level 1. HP: 14/14 MP: 5/5
   500 | D:1      | Reached skill level 4 in Conjurations
   500 | D:1      | Reached XP level 2. HP: 20/20 MP: 4/7
  1274 | D:2      | Learned a level 2 spell: Searing Ray
  1771 | D:2      | Reached XP level 3. HP: 26/26 MP: 5/9
  2184 | D:2      | Found Huamok's Magic Scroll Shop.
  2189 | D:2      | Bought a scroll of blinking for 75 gold pieces
  3849 | D:4      | Noticed Natasha
  3853 | D:4      | Killed Natasha
  3854 | D:4      | Reached XP level 4. HP: 33/33 MP: 5/10
  4103 | D:4      | Found a runed translucent door.
  4104 | D:4      | Noticed terff's ghost (amateur HuCj)
  4104 | D:4      | Noticed Natasha
  4113 | D:4      | Killed Natasha
  4114 | D:4      | Reached skill level 5 in Conjurations
  4363 | D:4      | Noticed Dowan
  4365 | D:4      | Noticed Duvessa
  4883 | D:4      | Found a runed translucent door.
  4884 | D:4      | Noticed Crazy Yiuf
  4969 | D:3      | Learned a level 4 spell: Iskenderun's Mystic Blast
  5055 | D:4      | Noticed Natasha
  5057 | D:4      | Reached XP level 5. HP: 38/38 MP: 7/12
  5072 | D:4      | Killed Natasha
  5340 | D:5      | Entered Level 5 of the Dungeon
  5499 | D:5      | Reached skill level 6 in Conjurations
  5500 | D:5      | Reached XP level 6. HP: 41/45 MP: 10/14
  5528 | D:5      | Learned a level 4 spell: Fulminant Prism
  5649 | D:5      | Found Keinkya's Weapon Shop.
  5857 | D:5      | HP: 2/45 [centaur/arrow (2)]
  5863 | D:5      | Slain by a bullfrog

Illustrated notes

Levels and vault maps discovered:
D:1:      zelgadis_glass_arrival_small, layout_basic,
          shapermc_ecumenical_altar_petra, serial_forest,
          infiniplex_forest_end_2, infiniplex_forest_fountain,
          infiniplex_forest_straight_4, infiniplex_forest_clump_medium,
          infiniplex_forest_clump_long, infiniplex_forest_split,
          infiniplex_forest_lined_3_way
D:2:      layout_basic, basic_altar, serial_shops, nicolae_shop_hallway_stairs,
          chequers_serial_rivers_marsh
D:3:      layout_loops_corners, mainiacjoe_overflow_24_doors,
          hangedman_ru_absence
D:4:      layout_basic, amcnicky_altar_gilded, hellmonk_ghost_happy_afterlife,
          uniq_crazy_yiuf_cottage, uniq_duvessa, uniq_natasha
D:5:      layout_rooms, nicolae_ashenzari_skybound, jmf_multi_god_temple,
          gammafunk_ghost_abyssal_escape, serial_shops,
          nicolae_shop_statue_plus, saegor_snake_ambush

Skill      XL: |  1  2  3  4  5 |
---------------+----------------+-----
Spellcasting   | 2 3 |  3.6
Conjurations   | 4 5 6 |  6.1
Dodging        | |  1.7
Stealth        | |  1.7
Hexes          | |  0.3
Translocations | |  0.3

Action                   |  1- 3 |  4- 6 || total
-------------------------+-------+-------++-------
Melee: Short sword       |       |     4 ||     4
       Punch             |       |     1 ||     1
 Cast: Magic Dart        |    96 |    41 ||   137
       Searing Ray       |     2 |    13 ||    15
  Use: Scroll            |     5 |     5 ||    10
       Potion            |       |     1 ||     1
Armor: Robe              |     4 |     7 ||    11
Dodge: Dodged            |     9 |    24 ||    33
